 Dungeon Crawl Stone Soup version 0.31-a0-145-g046c7d2549 (webtiles) character file.

Game seed: 7392891458066539223

3862 Faragor the Thaumaturge (level 9, -1/45 HPs)
             Began as a Deep Elf Ice Elementalist on June 6, 2023.
             Was a Follower of Sif Muna.
             Killed by divine providence
             ... invoked by an orc priest
              (16 damage)
             ... on level 8 of the Dungeon.
             The game lasted 00:51:23 (17819 turns).

Faragor the Thaumaturge (DEIE)                     Turns: 17819, Time: 00:51:24

Health: -1/45      AC: 14    Str:  5    XL:     9   Next: 99%
Magic:  11/26      EV: 17    Int: 31    God:    Sif Muna [*.....]
Gold:   244        SH:  0    Dex: 15    Spells: 15/30 levels left

rFire   + . .        f - +1 dagger (flame)
rCold   + . .        (no shield)
rNeg    . . .        y - +2 robe {rC+ rF+}
rPois   .            (no helmet)
rElec   .            d - +0 cloak
rCorr   .            (no gloves)
SInv    .            (no boots)
Will    .....        (no amulet)
Stlth   ++++         j - +6 ring of intelligence
HPRegen 0.27/turn    k - +5 ring of evasion
MPRegen 0.20/turn

%: no passive effects
@: ice-armoured, very slightly contaminated
A: no striking features
a: Renounce Religion, Channel Magic


You were on level 8 of the Dungeon.
You worshipped Sif Muna.
Sif Muna was aware of your devotion.
You visited 2 branches of the dungeon, and saw 9 of its levels.

You collected 442 gold pieces.
You spent 198 gold pieces at shops.

Inventory:

Hand Weapons
 f - a +1 dagger of flaming (weapon)
Armour
 a - a +0 robe
 d - a +0 cloak (worn)
 y - a +2 robe of resistance (worn)
Jewellery
 c - an amulet of the acrobat
 j - a +6 ring of intelligence (left hand)
 k - a +5 ring of evasion (right hand)
 s - a ring of willpower
Wands
 b - a wand of flame (30)
 t - a wand of paralysis (10)
Scrolls
 g - 2 scrolls of fear
 h - 2 scrolls of vulnerability
 l - a scroll of brand weapon (quivered)
 n - 2 scrolls of magic mapping
 o - 2 scrolls of identify
 p - a scroll of noise
 u - a scroll of teleportation
 w - 2 scrolls of fog
Potions
 e - a potion of haste
 i - a potion of lignification
 m - a potion of ambrosia {unknown}
 q - 2 potions of berserk rage
 r - 2 potions of curing
 v - 2 potions of enlightenment {unknown}
 x - 2 potions of heal wounds {unknown}


   Skills:
 - Level 2.5 Dodging
 + Level 8.9 Stealth
 * Level 11.3 Spellcasting
 + Level 5.5 Summonings
 + Level 8.2 Ice Magic
 + Level 5.4 Earth Magic


You had 15 spell levels left.
You knew the following spells:

 Your Spells              Type           Power      Damage    Failure   Level
a - Freeze                Ice            100%       1d10      1%          1
b - Frozen Ramparts       Ice            100%       1d16      1%          3
c - Ozocubu's Armour      Ice            62%        N/A       1%          3
d - Foxfire               Conj/Fire      68%        2x1d7     3%          1
e - Stone Arrow           Conj/Erth      68%        3d11      2%          3
f - Summon Ice Beast      Ice/Summ       57%        N/A       1%          4

Your spell library contained the following spells:

 Spells                   Type           Power      Damage    Failure   Level
 Sandblast                Erth           100%       2d20      1%          1
 Passwall                 Tmut/Erth      28%        N/A       1%          2
 Cigotuvi's Dreadful Rot  Necr/Pois/Air  34%        N/A       4%          2
 Sublimation of Blood     Necr           17%        N/A       4%          2
 Petrify                  Tmut/Erth      34%        N/A       10%         4
 Dispel Undead            Necr           17%        3d10      28%         4
 Irradiate                Conj/Tmut      8%         3d14      63%         5
 Death Channel            Necr           8%         N/A       99%         6


Dungeon Overview and Level Annotations

Branches:
Dungeon (8/15)             Temple (1/1) D:4
   Lair: D:8-11

Altars:
Cheibriados
Fedhas
Hepliaklqana
Makhleb
Nemelex Xobeh
Okawaru
Qazlal
Sif Muna
Uskayaw
Wu Jian
Xom
The Shining One

Shops:
D:2 :

Annotations:
D:2 qui
D:7 Joseph


Message History

Your ice beast freezes the vampire mosquito!
An orc comes into view. It is wielding a +0 dagger.
Casting: Foxfire (safe; 3% risk of failure)
Confirm with . or Enter, or press ? or * to list all spells.
You conjure some foxfire!
The orc shouts!
The foxfire hits the vampire mosquito.
The vampire mosquito is heavily damaged.
The vampire mosquito misses you.
The vampire mosquito closely misses you.
The vampire mosquito misses you. x2
The vampire mosquito closely misses you. x2
The orc priest mumbles some strange prayers to Beogh against you.
Beogh smites you!
Your ice beast hits the vampire mosquito.
Your ice beast freezes the vampire mosquito!
The vampire mosquito is destroyed!
Sif Muna accepts your kill.
An orc comes into view. It is wielding a +0 short sword.
The orc shouts!
Unknown command.
Unknown command.
Casting: Foxfire (safe; 3% risk of failure)
Confirm with . or Enter, or press ? or * to list all spells.
Aiming: Stone Arrow (dangerous; 2% risk of failure)
Press: ? - help, Shift-Dir - straight line, f - vampire mosquito
Aim: a vampire mosquito (heavily damaged, ally target, 57% to hit)
The stone arrow misses the vampire mosquito.
The foxfire hits the vampire mosquito but does no damage.
The vampire mosquito is heavily damaged.
The foxfire hits the vampire mosquito.
The vampire mosquito is severely damaged.
The vampire mosquito barely misses you.
The vampire mosquito closely misses you.
The vampire mosquito bites you!
The vampire mosquito draws strength from your injuries!
The vampire mosquito closely misses you.
The orc priest invokes the aid of Beogh against you.
Beogh smites you!
You die...

#.....#
#.....#
#.....#
#.....#
#.....#
#.....#
#§.y.$#
#§@Y..#
#§.y...#
#..!......
######o...
o.. .. .


You could see 2 vampire mosquitoes, an orc priest, an orc and a friendly ice
beast (summoned).

Vanquished Creatures
  Pikel (D:5)
  Duvessa (D:5)
  5 ice beasts (D:6)
  2 ogres (D:5)
  4 black bears
  2 phantoms
  A bullfrog (D:6)
  9 scorpions
  A gnoll sergeant (D:7)
  4 wights (D:6)
  A howler monkey (D:7)
  3 orc priests (D:7)
  2 hounds (D:6)
  A jelly (D:6)
  A sleepcap (D:7)
  3 orc wizards (D:7)
  2 iguanas
  9 gnolls
  10 adders
  3 ufetubi
  2 worms (D:3)
  12 orcs
  15 bats
  4 endoplasms
  2 giant cockroaches (D:1)
  11 goblins
  5 hobgoblins
  3 jackals (D:5)
  3 quokkas
  3 ball pythons
  3 frilled lizards (D:1)
  3 kobolds
  6 rats
137 creatures vanquished.

Vanquished Creatures (collateral kills)
  A kobold demonologist (D:6)
  A vampire mosquito (D:8)
  A bullfrog (D:6)
  A gnoll sergeant (D:6)
  Dowan (D:5)
  2 howler monkeys (D:7)
  A sleepcap (D:7)
  2 gnolls (D:6)
  An orc (D:7)
  A bat (D:5)
  2 foxfires (D:3)
14 creatures vanquished.

Vanquished Creatures (others)
  A black bear (D:6)
  An orc warrior (D:6)
  A scorpion (D:6)
  A hound (D:6)
  An orc wizard (D:6)
  An adder (D:6)
  2 orcs (D:6)
  330 foxfires
338 creatures vanquished.

Grand Total: 489 creatures vanquished

Notes
Turn   | Place    | Note
-------+----------+-------------------------------------------
     0 | D:1      | Faragor the Deep Elf Ice Elementalist began the quest for
                  | the Orb.
     0 | D:1      | Reached XP level 1. HP: 10/10 MP: 6/6
   510 | D:1      | Reached XP level 2. HP: 15/15 MP: 6/8
  1666 | D:1      | Reached XP level 3. HP: 19/19 MP: 8/10
  1777 | D:2      | Found Vuseawk's Book Boutique.
  2389 | D:2      | Found a faded altar of an unknown god.
  2397 | D:2      | Got Plato's Volume of Heat
  2436 | D:2      | Learned a level 3 spell: Frozen Ramparts
  2440 | D:2      | Learned a level 3 spell: Ozocubu's Armour
  2442 | D:2      | Learned a level 1 spell: Foxfire
  3195 | D:3      | You fall into a shaft and drop 1 floor!
  3196 | D:4      | Noticed a phantom
  3218 | D:4      | Noticed a scorpion
  3246 | D:4      | Killed a phantom
  3247 | D:4      | Reached skill level 4 in Spellcasting
  3247 | D:4      | Reached skill level 5 in Ice Magic
  3247 | D:4      | Reached XP level 4. HP: 13/24 MP: 1/12
  4058 | D:3      | Reached XP level 5. HP: 28/28 MP: 4/14
  4802 | D:3      | Reached skill level 5 in Spellcasting
  5120 | D:3      | Found a blossoming altar of Fedhas.
  5509 | D:3      | Found a stormy altar of Qazlal.
  5614 | D:3      | Reached skill level 5 in Stealth
  5736 | D:4      | Noticed a black bear
  5738 | D:4      | Reached XP level 6. HP: 32/32 MP: 4/16
  6351 | D:2      | Bought a book of Geomancy for 198 gold pieces
  6355 | D:2      | Learned a level 3 spell: Stone Arrow
  6360 | D:2      | Learned a level 4 spell: Summon Ice Beast
  6857 | D:4      | Reached skill level 6 in Spellcasting
  7123 | D:4      | Found a staircase to the Ecumenical Temple.
  7151 | D:4      | Reached skill level 1 in Summonings
  7151 | D:4      | Reached skill level 1 in Earth Magic
  7151 | D:4      | Reached XP level 7. HP: 36/36 MP: 7/18
  7248 | Temple   | Entered the Ecumenical Temple
  7321 | Temple   | Became a worshipper of Sif Muna the Loreminder
  8541 | D:5      | Entered Level 5 of the Dungeon
  9036 | D:5      | Reached skill level 7 in Spellcasting
  9608 | D:5      | Noticed Dowan
  9630 | D:5      | Killed Dowan
  9658 | D:5      | Noticed Duvessa
  9664 | D:5      | Killed Duvessa
  9933 | D:5      | Reached XP level 8. HP: 31/41 MP: 12/21
 10310 | D:5      | Noticed Pikel
 10951 | D:5      | Reached skill level 8 in Spellcasting
 11902 | D:5      | Killed Pikel
 11903 | D:5      | Reached skill level 9 in Spellcasting
 12803 | D:6      | Found a shimmering altar of Xom.
 12813 | D:6      | Reached XP level 9. HP: 45/45 MP: 7/24
 13326 | D:6      | Reached skill level 10 in Spellcasting
 14080 | D:6      | Found an iron altar of Okawaru.
 15111 | D:6      | Noticed a kobold demonologist
 15121 | D:6      | Reached skill level 5 in Summonings
 15169 | D:6      | Killed a kobold demonologist
 15170 | D:6      | Reached skill level 5 in Earth Magic
 15400 | D:7      | Noticed Joseph
 15416 | D:7      | HP: 1/45 [Joseph/sling bullet (18)]
 16485 | D:7      | Reached skill level 11 in Spellcasting
 17163 | D:7      | Reached * piety under Sif Muna
 17405 | D:7      | Found a snail-covered altar of Cheibriados.
 17819 | D:8      | Killed from afar by an orc priest

Illustrated notes

Levels and vault maps discovered:
D:1:      dpeg_arrival_short_road, layout_loops_ring
D:2:      layout_basic, serial_shops, shop, shapermc_ecumenical_altar_rom_forum
D:3:      layout_basic, grunt_temple_overflow_forces_of_nature
D:4:      layout_basic, temple_pool_b
D:5:      old_forge, layout_basic, kennysheep_nondescript, uniq_duvessa,
          uniq_pikel
D:6:      layout_basic, xom_confusion_cloud, okawaru_gym_becter
D:7:      layout_loops_cross, kennysheep_little_box, kennysheep_generic_room_8,
          uniq_joseph
D:8:      layout_rooms, nicolae_gozag_seed_capital,
          chequers_temple_overflow_statue_of_worship,
          gammafunk_temple_overflow_elements
Temple:   nicolae_temple_great_sept

Skill      XL: |  1  2  3  4  5  6  7  8  9 |
---------------+----------------------------+-----
Stealth        | 3 4 5 6 7 8 |  8.9
Spellcasting   | 4 5 6 7 9 11 | 11.3
Ice Magic      | 5 6 7 8 |  8.2
Summonings     | 1 2 4 5 |  5.5
Earth Magic    | 1 2 4 5 |  5.4
Dodging        | |  2.5

Action                     |  1- 3 |  4- 6 |  7- 9 || total
---------------------------+-------+-------+-------++-------
  Melee: Unarmed           |     3 |       |       ||     3
         Dagger            |     1 |     1 |     7 ||     9
   Cast: Freeze            |    39 |     6 |    11 ||    56
         Foxfire           |    18 |    81 |   108 ||   207
         Ozocubu's Armour  |     2 |     5 |    25 ||    32
         Frozen Ramparts   |       |     5 |    29 ||    34
         Summon Ice Beast  |       |       |    20 ||    20
         Stone Arrow       |       |       |    47 ||    47
    Use: Scroll            |     1 |       |    14 ||    15
         Potion            |     1 |       |     6 ||     7
 Armour: Robe              |    23 |     4 |    26 ||    53
  Dodge: Dodged            |    31 |    15 |    89 ||   135

Table legend: (Time is in decaauts)
 A = Elapsed time spent in this place.
 B = Non-inter-level travel time spent in this place.
 C = Inter-level travel time spent in this place.
 D = Time resting spent in this place.
 E = Time spent auto-exploring this place.
 F = Levels seen in this place.
 G = Mean time per level.
                   A        B        C        D        E       F      G
               +--------+--------+--------+--------+--------+-----+--------+
         Total |  17822 |  17535 |    287 |  12687 |   3005 |   9 | 1980.2 |
       Dungeon |  17739 |  17452 |    287 |  12687 |   3005 |   8 | 2217.4 |
        Temple |     82 |     82 |      0 |      0 |      0 |   1 |   82.0 |
               +--------+--------+--------+--------+--------+-----+--------+

Top non-repeatable levels by time:
     D:5: 3530 daAuts
     D:4: 3157 daAuts
     D:6: 2819 daAuts
     D:7: 2532 daAuts
     D:3: 2247 daAuts
     D:1: 1744 daAuts
     D:2: 1694 daAuts
  Temple: 82 daAuts
     D:8: 12 daAuts
